Unix NetHack Version 5.0.0-0 post-release - last build May 31 2026 23:59:36 (970b52f25bf058293b47ddfd14a1e40e571c508c,branch:main).

Game began 2026-06-09 10:29:44, ended 2026-06-09 10:32:42.

LDaviesPeters, neutral female human Archeologist

                                                  ...
                                                 ..*.
                                                 -.@.
                                                 -<G.
                                                 ...

LDaviesPeters the Digger   St:11 Dx:9 Co:10 In:14 Wi:17 Ch:14  Neutral
Dlvl:3  $:21 HP:0(13) Pw:2(2) AC:9  Xp:1 T:505 

Latest messages:
 j - a slime mold.
 $ - 3 gold pieces (14 in total).
 You learn more about your items by comparing them.
 d - an uncursed food ration (4 in total).
 You see here 5 gold pieces.
 $ - 5 gold pieces (19 in total).
 You see here 2 gold pieces.
 $ - 2 gold pieces (21 in total).
 You see here a scroll labeled PHOL ENDE WODAN.
 You decipher the label on your scroll labeled PHOL ENDE WODAN.
 k - a scroll of destroy armor.
 You see here a chest.
 Hmmm, the chest turns out to be locked.
 The door resists!
 The door resists!
 The door opens.
 With great effort you move the boulder.
 The door resists!
 The door opens.
 With great effort you move the boulder.
 With great effort you move the boulder.
 With great effort you move the boulder.
 You kill the grid bug!
 The grid bug bites!
 You get zapped!
 You kill the grid bug!
 You kill the newt!
 You see here a newt corpse.
 There is a newt corpse here; eat it? [ynq] (n) y
 Blecch!  Rotten food!
 With great effort you move the boulder.
 You swap places with your little dog.
 You descend the stairs.
 You hear someone counting gold coins.
 The jackal bites!
 You kill the jackal!
 You see here a scroll labeled VAS CORP BET MANI.
 You decipher the label on your scroll labeled VAS CORP BET MANI.
 l - a scroll of amnesia.
 You descend the stairs.
 You see here 6 rocks.
 You lash the gnome lord.
 The gnome lord hits!
 You miss the gnome lord.
 The gnome lord hits!
 You miss the gnome lord.
 You miss the gnome lord.
 The gnome lord hits!
 You die...
 Do you want your possessions identified? [ynq] (y) q

Inventory:
 Coins    ('$')
  $ - 21 gold pieces
 Weapons  (')')
  a - a +2 bullwhip (weapon in right hand)
 Armor    ('[')
  c - an uncursed +0 fedora (being worn)
  h - an uncursed +0 leather jacket (being worn)
 Comestibles  ('%')
  j - an uncursed slime mold
  d - 4 uncursed food rations
 Scrolls  ('?')
  l - an uncursed scroll of amnesia
  k - an uncursed scroll of destroy armor
  i - an uncursed scroll of light
 Tools    ('(')
  b - an empty uncursed sack
  p - a +0 pick-axe (alternate weapon; not wielded)
  f - a tinning kit (0:66)
 Gems/Stones  ('*')
  g - an uncursed touchstone

LDaviesPeters the Archeologist's attributes:

Background:
 You were a Digger, a level 1 female human Archeologist.
 You were neutral, on a mission for Camaxtli
 who was opposed by Quetzalcoatl (lawful) and Huhetotl (chaotic).
 You were right-handed.
 You were in the Gnomish Mines, on level 3.
 You entered the dungeon 505 turns ago.
 You had 7 experience points, 13 more were needed to attain level 2.

Basics:
 You had 0 out of 13 hit points.
 You had both energy points (spell power).
 Your armor class was 9.
 Your wallet contained 21 zorkmids.
 Autopickup was off.

Final Characteristics:
 Your strength was 11 (limit:18/100).
 Your dexterity was 9 (limit:18).
 Your constitution was 10 (limit:18).
 Your intelligence was 14 (limit:18).
 Your wisdom was 17 (limit:18).
 Your charisma was 14 (limit:18).

Final Status:
 You weren't hungry.
 You were unencumbered.
 You were wielding a whip.
 You had basic skill with whip.

Final Attributes:
 You were fervently aligned.
 You had automatic searching.
 You were lucky.
 You are dead.

Miscellaneous:
 You didn't encounter any bones levels.
 Total elapsed playing time was 2 minutes and 58 seconds.

Major events:
 Turn
    1: LDaviesPeters the neutral female human Archeologist entered the dungeon
  498: entered the Gnomish Mines
  505: killed by a gnome lord

You didn't know any spells.

Skills:
 Fighting Skills
   bare handed combat [Unskilled]
   two weapon combat  [Unskilled]
   riding             [Unskilled]
 Weapon Skills
   dagger             [Unskilled]
   knife              [Unskilled]
   pick-axe           [Basic]
   short sword        [Unskilled]
   saber              [Unskilled]
   club               [Unskilled]
   quarterstaff       [Unskilled]
   sling              [Unskilled]
   dart               [Unskilled]
   boomerang          [Unskilled]
   whip               [Basic]
   unicorn horn       [Unskilled]
 Spellcasting Skills
   attack spells      [Unskilled]
   healing spells     [Unskilled]
   divination spells  [Unskilled]
   matter spells      [Unskilled]

Voluntary challenges:
 Character rerolling was not enabled.
 You were an atheist.
 You never genocided any monsters.
 You never polymorphed an object.
 You never changed form.
 You used no wishes.
Achievement:
 You entered the Gnomish Mines.

 The Dungeons of Doom: levels 1 to 2
    Level 1:
       Some fountains.
    Level 2:
       Stairs down to The Gnomish Mines.
 The Gnomish Mines:
    Level 3: <- You were here.
       Final resting place for
          you, killed by a gnome lord.


Vanquished creatures:
  a gnome
  a jackal
  a fox
  4 grid bugs
  2 kobold zombies
  2 newts
11 creatures vanquished.

No species were genocided or became extinct.

Game over:
                       ----------
                      /          \
                     /    REST    \
                    /      IN      \
                   /     PEACE      \
                  /                  \
                  |  LDaviesPeters   |
                  |      21 Au       |
                  |   killed by a    |
                  |    gnome lord    |
                  |                  |
                  |                  |
                  |       2026       |
                 *|     *  *  *      | *
        _________)/\\_//(\/(/\)/\//\/|_)_______

Goodbye LDaviesPeters the Archeologist...

You died in The Gnomish Mines on dungeon level 3 with 147 points,
and 21 pieces of gold, after 505 moves.
You were level 1 with a maximum of 13 hit points when you died.

